 Dungeon Crawl Stone Soup version bcrawl-1.21.2-28-g2cb1824106 (webtiles) character file.

Game seed: 6778165773683927612

110 MisterOstroum the Skirmisher (level 4, 5/52 HPs)
             Began as a Demonspawn Sloth Apostle on Mar 23, 2020.
             Was a Follower of Cheibriados.
             Quit the game on level 3 of the Dungeon.
             The game lasted 00:05:08 (2373 turns).

MisterOstroum the Skirmisher (DsSA)                 Turns: 2373, Time: 00:05:09

Health: 5/52       AC: 22    Str: 22    XL:     4   Next: 61%
Magic:  2/5        EV:  2    Int: 16    God:    Cheibriados [*.....]
Gold:   169        SH:  0    Dex: 15    Spells: 4/5 levels left

rFire    . . .     SeeInvis .   w - +1 dagger (venom)
rCold    . . .     Gourm    .   (no shield)
rNeg     + + +     Faith    .   (armour currently unavailable)
rPois    +         Spirit   .   (helmet currently unavailable)
rElec    +         Reflect  .   (cloak currently unavailable)
rCorr    .         Harm     .   (gloves currently unavailable)
MR       .....     NoTele   +   (boots currently unavailable)
Stlth    ++++......             (no amulet)
HPRegen  0.17/turn              k - ring of insulation
MPRegen  0.09/turn              s - ring of stealth

@: mighty, lethally poisoned (5 -> -1), tree-form, hasted
A: no striking features
a: Bend Time, Renounce Religion


You were on level 3 of the Dungeon.
You worshipped Cheibriados.
Cheibriados was aware of your devotion.
You were not hungry.
You were a tree.
You visited 1 branch of the dungeon, and saw 3 of its levels.

You collected 169 gold pieces.

Inventory:

Hand Weapons
 a - a +0 spear
 b - a +0 hunting sling
 c - a +0 blowgun
 p - a +0 war axe
 w - a +1 dagger of venom (weapon)
Missiles
 j - 167 arrows
 m - 285 stones (quivered)
 v - 37 poisoned needles
Armour
 g - a +0 robe (melded)
 u - a +0 medium shield
Jewellery
 k - a ring of insulation (left branch)
 s - a ring of stealth (right branch)
Wands
 d - a wand of paralysis (10)
Scrolls
 l - a scroll of immolation {unknown}
 n - a scroll of magic mapping {unknown}
 q - a scroll of identify {unknown}
Potions
 f - 2 potions of haste
Comestibles
 e - 4 rations {!d}
 t - 4 chunks of flesh


   Skills:
 * Level 3.4 Fighting
 * Level 3.1 Polearms
 + Level 0.5 Dodging
 - Level 3.0 Stealth
 - Level 1.8 Shields
 - Level 1.0 Spellcasting
 - Level 1.0 Hexes
 + Level 1.6 Evocations


You had 4 spell levels left.
You knew the following spells:

 Your Spells              Type           Power        Failure   Level  Hunger
a - Slow                  Hex            #.......     16%         1    ##.....
Your spell library was empty.

Dungeon Overview and Level Annotations

Branches:
Dungeon (3/12)

Altars:
Ashenzari


Innate Abilities, Weirdness & Mutations

((You have sharp fingernails.))
((You have large cloven feet.))


Message History

The stone hits the goblin.
The goblin dies!
You feel sick.
Items here: )) †† a +1 dagger of venom; a +0 dagger; a goblin corpse x2
w - a +1 dagger of venom You feel sick.
The goblin shoots a stone.
The stone barely misses you.
Wield which item (- for none, * to show all)? (? for menu, Esc to quit)
Your +1 dagger of venom begins to drip with poison!
w - a +1 dagger of venom (weapon)
You hear the rusting of a very distant drain.
Okay, then.
It was a potion of haste.
You feel yourself speed up.
Cheibriados forgives your accidental hurry, just this once.
You feel sick.
The goblin shoots a stone.
The stone misses you.
It was a potion of lignification.
You turn into a tree.
Your +0 robe melds into your body.
Your roots penetrate the ground.
You feel sick.
The goblin no longer looks unusually strong.
The goblin shoots a stone.
The stone hits you but does no damage.
It was a potion of flight.
Your roots keep you in place.
You feel sick.
It was a potion of might.
You feel very mighty all of a sudden.
You closely miss the goblin.
* * * LOW HITPOINT WARNING * * *
You feel sick.
The goblin unwields a +0 hunting sling.
The goblin hits you but does no damage.
You puncture the goblin!
You kill the goblin!
* * * LOW HITPOINT WARNING * * *
You feel sick.
Okay, then.
Unknown command.
Okay, then.
Unknown command.
As you read the scroll labeled HUAVER SISOERPH, it crumbles to dust.
You feel blessed for a moment.
It was a scroll of remove curse.
* * * LOW HITPOINT WARNING * * *
You feel sick.
You are mighty.
You are lethally poisoned (13 -> -1).
You are a tree.
Your actions are hasted.
Your movement speed is quick.
Your attack speed is quite fast.
Your base attributes are Str 14, Int 13, Dex 12.
You puncture the goblin!
You kill the goblin!
Throwing (i - inventory)
m - 286 stones (quivered)
Press: ? - help, Shift-Dir - straight line, f - goblin
Aim: a goblin, wielding a +0 dagger You throw a stone.
The stone hits the goblin but does no damage.
* * * LOW HITPOINT WARNING * * *
You feel sick.
You barely miss the goblin.
* * * LOW HITPOINT WARNING * * *
You feel sick. The goblin hits you but does no damage.
You puncture the goblin!
You kill the goblin!
Cheibriados appreciates the change of pace.
* * * LOW HITPOINT WARNING * * *
You feel sick.
You cannot move.
There is a lethal amount of poison in your body!
There is a lethal amount of poison in your body!
There is a lethal amount of poison in your body!
There is a lethal amount of poison in your body!
There is a lethal amount of poison in your body!
There is a lethal amount of poison in your body!
There is a lethal amount of poison in your body!
There is a lethal amount of poison in your body!
There is a lethal amount of poison in your body!
There is a lethal amount of poison in your body!
There is a lethal amount of poison in your body!
There is a lethal amount of poison in your body!
There is a lethal amount of poison in your body!
There is a lethal amount of poison in your body!
Okay, then.
Unknown command.
Unknown command.
Okay, then.
The flow of time bends around you.
You feel slightly more hungry.
There is a lethal amount of poison in your body!
* * * LOW HITPOINT WARNING * * *
You feel sick.
* * * LOW HITPOINT WARNING * * *
You feel sick.
* * * LOW HITPOINT WARNING * * *
You feel sick.
No path to travel!
* * * LOW HITPOINT WARNING * * *
You feel sick.
* * * LOW HITPOINT WARNING * * *
You feel sick.
* * * LOW HITPOINT WARNING * * *
You feel sick.
* * * LOW HITPOINT WARNING * * *
You feel sick.
There is a lethal amount of poison in your body!
There is a lethal amount of poison in your body!
There is a lethal amount of poison in your body!
Are you sure you want to abandon this character and quit the game? (Confirm with "yes".) g# .## #.# .gg

8.8 ###g# #.# #†)g#
#.## #g### 8.8
#.÷.#### ####.# #
###.##8###8##.##8##8#
#.'))♣....÷........
####8###8##.##8##8#
### ####.## ## #8.8#
#. ##.## #. ##.## #.
#8.8# #. ##.## #.
##.#########.


There were no monsters in sight!

Vanquished Creatures
  Robin (D:3)
  2 adders (D:3)
  An ooze (D:1)
  An adder zombie (D:2)
  2 worms
  A dart slug (D:2)
  6 leopard geckos
  An orc (D:2)
  A bat skeleton (D:2)
  A giant cockroach (D:1)
  9 goblins
  6 hobgoblins
  8 jackals
  A quokka (D:3)
  2 bats (D:2)
  3 frilled lizards
  A jackal zombie (D:2)
  7 kobolds
  A leopard gecko zombie (D:2)
  2 rats
57 creatures vanquished.

Vanquished Creatures (others)
  A goblin (D:3)
1 creature vanquished.

Grand Total: 58 creatures vanquished

Notes
Turn   | Place    | Note
-------+----------+-------------------------------------------
     0 | D:1      | MisterOstroum the Demonspawn Sloth Apostle began the quest
                  | for the Orb.
     0 | D:1      | Reached XP level 1. HP: 16/16 MP: 2/2
   275 | D:1      | Gained mutation: You have large cloven feet. [demonic
                  | ancestry]
   275 | D:1      | Reached XP level 2. HP: 23/23 MP: 3/3
   399 | D:1      | Found a shattered altar of Ashenzari.
  1013 | D:2      | Reached XP level 3. HP: 11/28 MP: 0/4
  1339 | D:2      | Reached * piety under Cheibriados
  2120 | D:3      | Gained mutation: You have sharp fingernails. [demonic
                  | ancestry]
  2120 | D:3      | Reached XP level 4. HP: 29/35 MP: 0/5
  2327 | D:3      | Noticed Robin
  2343 | D:3      | Killed Robin
  2373 | D:3      | Quit the game

Skill      XL: |  1  2  3  4 |
---------------+-------------+-----
Polearms       | 2 3 |  3.1
Fighting       | 3 |  3.4
Dodging        | |  0.5
Stealth        | |  3.0
Shields        | |  1.8
Spellcasting   | |  1.0
Hexes          | |  1.0
Evocations     | |  1.6

Action                   |  1- 3 |  4- 6 || total
-------------------------+-------+-------++-------
Melee: Spear             |   136 |    39 ||   175
       Kick              |    24 |     5 ||    29
       Dagger            |       |     5 ||     5
 Fire: Blowgun           |       |     3 ||     3
Throw: Stone             |       |     1 ||     1
 Cast: Slow              |     1 |       ||     1
Invok: Bend Time         |     2 |     1 ||     3
  Use: Potion            |       |     4 ||     4
       Scroll            |       |     1 ||     1
 Stab: Sleeping          |    11 |     6 ||    17
  Eat: Chunk             |     3 |       ||     3
       Ration            |       |     1 ||     1
Armor: Robe              |    15 |     4 ||    19
       Skin              |       |     2 ||     2
Dodge: Dodged            |    54 |    15 ||    69
